 Dungeon Crawl Stone Soup version 0.30-a0-743-gbfdf073431 (webtiles) character file.

Game seed: 114834974981441404

7674 Newt the Cleaver (level 10, 0/80 HPs)
             Began as a Demonspawn Gladiator on Feb 7, 2023.
             Was a Priest of Makhleb.
             Slain by an orc warrior
             ... wielding a +0 battleaxe
              (13 damage)
             ... on level 9 of the Dungeon.
             The game lasted 00:08:38 (8284 turns).

Newt the Cleaver (Demonspawn Gladiator)             Turns: 8284, Time: 00:08:38

Health: 0/80       AC: 12    Str: 18    XL:     10   Next: 99%
Magic:  11/11      EV: 12    Int: 10    God:    Makhleb [***...]
Gold:   475        SH:  0    Dex: 13    Spells: 9/9 levels left

rFire   . . .      SeeInvis .    u - +4 hand axe (elec)
rCold   . . .      Faith    +    (no shield)
rNeg    . . .      Spirit   .    b - +0 leather armour
rPois   +          Reflect  .    (helmet restricted)
rElec   .          Harm     .    h - +1 cloak
rCorr   .          Rampage  .    (no gloves)
Will    .....                    (no boots)
Stlth   ++                       n - amulet of faith
HPRegen 0.33/turn                F - ring of poison resistance
MPRegen 0.12/turn                x - +4 ring of protection

@: no status effects
A: horns 1, spiny 2, weakness stinger 1, demonic touch 1, iridescent scales 1,
clumsy 1, MP-powered wands
a: Renounce Religion, Minor Destruction, Lesser Servant of Makhleb


You were on level 9 of the Dungeon.
You worshipped Makhleb.
Makhleb was most pleased with you.
You visited 1 branch of the dungeon, and saw 9 of its levels.

You collected 475 gold pieces.

Inventory:

Hand Weapons
 a - a +1 rapier
 r - a +1 dagger of venom
 u - a +4 hand axe of electrocution (weapon)
Missiles
 d - a throwing net (quivered)
 e - 5 javelins
 J - 8 poisoned darts
Armour
 b - a +0 leather armour (worn)
 c - a +0 helmet
 h - a +1 cloak (worn)
Jewellery
 f - a ring of ice
 i - an amulet of the acrobat
 l - a ring of positive energy
 n - an amulet of faith (around neck)
 x - a +4 ring of protection (right hand)
 F - a ring of poison resistance (left hand)
 I - an amulet of guardian spirit
Wands
 A - a wand of quicksilver (10)
 B - a wand of paralysis (12)
Scrolls
 g - a scroll of magic mapping
 m - 3 scrolls of amnesia
 p - 4 scrolls of teleportation
 y - a scroll of vulnerability
 D - a scroll of fog
 K - a scroll of fear
Potions
 j - 4 potions of heal wounds
 k - a potion of magic
 o - a potion of mutation
 q - 2 potions of brilliance
 s - a potion of attraction
 t - 2 potions of ambrosia
 v - 2 potions of lignification
 w - a potion of cancellation
 z - 3 potions of might
 C - a potion of haste {unknown}
 G - a potion of resistance {unknown}
 H - a potion of curing {unknown}


   Skills:
 - Level 8.0 Fighting
 - Level 4.6 Short Blades
 - Level 10.0 Axes
 - Level 1.7 Throwing
 - Level 6.0 Armour
 - Level 2.6 Dodging
 - Level 1.5 Stealth
 + Level 2.3 Invocations
 - Level 6.3 Evocations


You had 9 spell levels left.
You didn't know any spells.
Your spell library contained the following spells:

 Spells                   Type           Power      Damage    Failure   Level
 Apportation              Tloc           0%         N/A       41%         1
 Kiss of Death            Conj/Necr      0%         2d5       41%         1
 Necrotise                Necr           0%         1d4       41%         1
 Summon Small Mammal      Summ           0%         N/A       41%         1
 Momentum Strike          Conj/Tloc      0%         3d8       54%         2
 Confusing Touch          Hex            0%         N/A       78%         3
 Teleport Other           Tloc           0%         N/A       78%         3
 Dispel Undead            Necr           0%         3d6       99%         4


Dungeon Overview and Level Annotations

Branches:
Dungeon (9/15)             Temple (0/1) D:4             Orc (0/2) D:9
   Lair: D:8-11

Altars:
Ashenzari
Dithmenos
Makhleb
Qazlal
Sif Muna
Vehumet
Wu Jian
Xom

Shops:
D:5 :

Annotations:
D:3 2 transporters, timneilson's ghost, amateur GrFi


Innate Abilities, Weirdness & Mutations

You have a pair of small horns on your head.
You are mostly covered in sharp spines.
You have a small tail.
Your touch may inflict minor irresistible damage on your foes.
You are partially covered in iridescent scales. (AC +2)
You are clumsy. (Dex -2)
You expend magic power (3 MP) to strengthen your wands.


Message History

Makhleb accepts your kill.
You slash the orc!
You kill the orc!
Makhleb accepts your kill.
You feel better.
You hit the orc warrior.
The orc warrior is struck by your spines.
The orc warrior hits you with a +0 battleaxe!
The gnoll hits you but does no damage. The gnoll closely misses you.
The orc priest looks braver for a moment.
You barely miss the orc warrior.
You touch the orc warrior.
The orc warrior is heavily wounded.
The gnoll hits you but does no damage. The gnoll closely misses you.
The orc priest looks encouraged for a moment.
You barely miss the orc warrior. Your headbutt misses the orc warrior.
You touch the orc warrior!
The orc warrior is moderately wounded.
You barely miss the orc warrior. You slash the orc warrior!
Your headbutt misses the orc warrior.
You touch the orc warrior.
The orc warrior is severely wounded.
You hit the orc warrior but do no damage.
The gnoll hits you from afar with a +0 spear.
The gnoll barely misses you.
The orc warrior hits you with a +0 mace.
* * * LOW HITPOINT WARNING * * *
The orc warrior drinks a potion.
The orc warrior is healed!
The orc warrior attacks as you move away!
The orc warrior barely misses you.
You see here a howler monkey corpse.
You open the door.
The orc warrior hits you with a +0 battleaxe!
* * * LOW HITPOINT WARNING * * *
Found a scroll of teleportation.
There is an open door here.
You slash the orc warrior!
You touch the orc warrior!
The orc warrior is severely wounded.
The gnoll hits you from afar with a +0 spear.
* * * LOW HITPOINT WARNING * * *
The orc warrior hits you with a +0 battleaxe!
You die...

..####'######.#..# . ..
#.#..# ##. #.#..# #.# #.#..#
#.#.####.#..#
#########.#..........
....................
##########?.................
..>......##@# .#######..##
.........##o###### #..#
.(_.oooo.#ggg....# #..##
...oooooo#.o.g...#######....
)8oooooo#.............#....
#####8o8##o............#....
......g)†o.............#....
......)#........##'#####....
.....#...######.##.####.....


You could see 4 orc warriors and 4 gnolls.

Vanquished Creatures
  A two-headed ogre (D:9)
  A cyclops (D:6)
  Joseph (D:8)
  Psyche (D:8)
  Prince Ribbit (D:8)
  Sigmund (D:6)
  8 yaks
  A wraith (D:9)
  Menkaure (D:6)
  An acid dragon (D:9)
  2 water moccasins (D:7)
  6 orc warriors
  A sky beast (D:6)
  3 ice beasts
  2 centaurs (D:7)
  A phantom (D:6)
  3 kobold brigands
  Blork the orc (D:4)
  A gnoll sergeant (D:9)
  4 bullfrogs
  3 wyvern zombies (D:7)
  2 necrophages
  2 scorpions (D:5)
  16 wights
  2 howler monkeys (D:9)
  2 bullfrog zombies (D:7)
  2 gnoll boudas
  An orc priest (D:8)
  9 hounds
  A jelly (D:8)
  3 iguanas
  5 orc wizards
  A killer bee zombie (D:7)
  13 gnolls
  8 adders
  2 shadow imps
  2 ufetubi
  A worm (D:3)
  3 dart slugs
  31 orcs
  3 bats
  9 endoplasms
  8 giant cockroaches
  5 goblins
  10 hobgoblins
  5 jackals
  17 kobolds
  4 quokkas
  9 ball pythons
  3 frilled lizards
  5 rats
228 creatures vanquished.

Vanquished Creatures (others)
  A ball python (D:1)
  6 plants (D:5)
  4 toadstools (D:1)
  6 withered plants (D:7)
17 creatures vanquished.

Grand Total: 245 creatures vanquished

Notes
Turn   | Place    | Note
-------+----------+-------------------------------------------
     0 | D:1      | Newt the Demonspawn Gladiator began the quest for the Orb.
     0 | D:1      | Reached XP level 1. HP: 16/16 MP: 1/1
   109 | D:1      | Reached skill level 1 in Stealth
   156 | D:1      | Gained mutation: You are partially covered in sharp spines.
                  | [demonic ancestry]
   156 | D:1      | Reached XP level 2. HP: 17/22 MP: 2/2
   501 | D:1      | Reached XP level 3. HP: 29/29 MP: 3/3
  1399 | D:2      | Gained mutation: You are mostly covered in sharp spines.
                  | [demonic ancestry]
  1399 | D:2      | Reached XP level 4. HP: 37/37 MP: 4/4
  1456 | D:2      | Found an ornate altar of the Wu Jian Council.
  1800 | D:3      | Found a transporter.
  1802 | D:3      | Noticed timneilson's ghost (amateur GrFi)
  1945 | D:3      | Found a transporter.
  2180 | D:3      | Found an ornate altar of the Wu Jian Council.
  2639 | D:4      | Noticed Blork the orc
  2649 | D:4      | Killed Blork the orc
  2650 | D:4      | Discovered your monstrous ancestry.
  2650 | D:4      | Gained mutation: You have a small tail. [demonic ancestry]
  2650 | D:4      | Reached XP level 5. HP: 9/42 MP: 5/5
  2900 | D:4      | Found a staircase to the Ecumenical Temple.
  3029 | D:4      | Reached skill level 1 in Axes
  3060 | D:4      | Reached XP level 6. HP: 48/48 MP: 6/6
  3109 | D:4      | Found a stormy altar of Qazlal.
  3161 | D:4      | Reached skill level 2 in Axes
  3430 | D:5      | Entered Level 5 of the Dungeon
  3597 | D:5      | Reached skill level 3 in Axes
  3664 | D:5      | Found a shimmering altar of Xom.
  3667 | D:5      | Found a broken altar of Ashenzari.
  3758 | D:5      | Gained mutation: You are clumsy. (Dex -2) [potion of
                  | mutation]
  3758 | D:5      | Gained mutation: You are partially covered in iridescent
                  | scales. (AC +2) [potion of mutation]
  3758 | D:5      | Gained mutation: You expend magic power (3 MP) to
                  | strengthen your wands. [potion of mutation]
  3807 | D:5      | Reached skill level 4 in Axes
  3807 | D:5      | Gained mutation: Your touch may inflict minor irresistible
                  | damage on your foes. [demonic ancestry]
  3807 | D:5      | Reached XP level 7. HP: 54/54 MP: 7/7
  3811 | D:5      | Found Razxyr's Book Shop.
  4036 | D:5      | Reached skill level 5 in Axes
  4069 | D:5      | Reached skill level 1 in Evocations
  4170 | D:6      | Noticed Sigmund
  4178 | D:6      | Killed Sigmund
  4327 | D:6      | Noticed Menkaure
  4334 | D:6      | Killed Menkaure
  4335 | D:6      | Reached XP level 8. HP: 33/60 MP: 8/8
  4455 | D:6      | Reached skill level 5 in Evocations
  4648 | D:6      | Found a burning altar of Makhleb.
  4653 | D:6      | Became a worshipper of Makhleb the Destroyer
  4751 | D:6      | Noticed a cyclops
  4754 | D:6      | Reached skill level 5 in Fighting
  4765 | D:6      | Killed a cyclops
  4766 | D:6      | Gained mutation: You have a pair of small horns on your
                  | head. [demonic ancestry]
  4766 | D:6      | Reached XP level 9. HP: 27/71 MP: 9/9
  5502 | D:7      | Reached * piety under Makhleb
  5503 | D:7      | Reached skill level 1 in Armour
  5831 | D:7      | Got the Quarto of Wanderlust
  6666 | D:7      | Reached skill level 5 in Armour
  6762 | D:8      | Reached XP level 10. HP: 29/80 MP: 10/10
  6919 | D:8      | Reached skill level 6 in Axes
  6934 | D:8      | Reached ** piety under Makhleb
  7183 | D:8      | Noticed Psyche
  7197 | D:8      | Killed Psyche
  7215 | D:8      | Reached skill level 7 in Axes
  7313 | D:8      | Found a shimmering blue altar of Sif Muna.
  7323 | D:8      | Noticed Joseph
  7327 | D:8      | Noticed Prince Ribbit
  7399 | D:8      | Killed Joseph
  7409 | D:8      | Killed Prince Ribbit
  7410 | D:8      | Reached skill level 8 in Axes
  7504 | D:8      | Found a radiant altar of Vehumet.
  7654 | D:8      | Found a shadowy altar of Dithmenos.
  7738 | D:8      | Reached *** piety under Makhleb
  7971 | D:9      | Noticed a two-headed ogre
  7996 | D:9      | Killed a two-headed ogre
  7997 | D:9      | Reached skill level 9 in Axes
  8258 | D:9      | Found a staircase to the Orcish Mines.
  8260 | D:9      | Reached skill level 10 in Axes
  8265 | D:9      | Reached skill level 1 in Invocations
  8284 | D:9      | Slain by an orc warrior

Illustrated notes

Levels and vault maps discovered:
D:1:      ldierk_walled_garden_2, layout_rooms, serial_aquarium,
          aquarium_bridge_square [aquarium_subvault_wall,
          aquarium_subvault_wall, aquarium_subvault_bridge,
          aquarium_subvault_bridge], aquarium_bridge_long_separate
          [aquarium_subvault_bridge, aquarium_subvault_wall,
          aquarium_subvault_wall, aquarium_subvault_bridge,
          aquarium_subvault_wall, aquarium_subvault_bridge], aquarium_window_1,
          aquarium_window_1, aquarium_window_corridor_2, aquarium_view_2b,
          aquarium_view_2b, aquarium_pool_2, st_stairs_2, lemuel_flame_loot_1
D:2:      layout_basic, basic_altar
D:3:      layout_loops_corners, gammafunk_temple_overflow_pools,
          gammafunk_ghost_stat_death
D:4:      minmay_evil_eye, layout_rooms,
          mainiacjoe_overflow_concentric_impassable, temple_pool_b,
          uniq_blork_the_orc
D:5:      layout_cave_pools, mainiacjoe_overflow_tiny_flanked,
          cheibrodos_ashenzari_chains, serial_gnoll_camp, gnoll_camp_mini_shop,
          gnoll_camp_mini_loothouse, gnoll_camp_mini_hut, gnoll_camp_mini_hut,
          gnoll_camp_mini_hut, serial_bayou_lagoon_a, grunt_decor_one_mirror
D:6:      layout_basic, makhleb_heckhound_becter, uniq_sigmund, uniq_menkaure
D:7:      layout_cave_pods, mainiacjoe_overflow_small_starburst, serial_undead,
          serial_undead_f, serial_undead_b, serial_undead_f, serial_undead_e,
          serial_undead_b
D:8:      layout_rooms, lemuel_crystal_altar, nicolae_overflow_hidden_temple,
          special_room [special_room_orc], uniq_joseph, uniq_prince_ribbit1,
          uniq_psyche
D:9:      layout_basic, mainiacjoe_overflow_surrounded_room, david_orc_5,
          hangedman_abyss_or_decor_stagger

Skill      XL: |  1  2  3  4  5  6  7  8  9 10 |
---------------+-------------------------------+-----
Stealth        | 1 |  1.5
Fighting       | 3 4 6 8 |  8.0
Short Blades   | 4 |  4.6
Axes           | 1 4 5 10 | 10.0
Evocations     | 4 6 |  6.3
Armour         | 6 |  6.0
Invocations    | 2 |  2.3
Throwing       | |  1.7
Dodging        | |  2.6

Action                     |  1- 3 |  4- 6 |  7- 9 | 10-12 || total
---------------------------+-------+-------+-------+-------++-------
  Melee: Rapier            |    81 |    28 |       |       ||   109
         Dagger            |       |    18 |       |       ||    18
         Punch             |       |     1 |     2 |     1 ||     4
         Hand axe          |       |    33 |   154 |   128 ||   315
         Tailslap          |       |     7 |    17 |    12 ||    36
         Touch             |       |       |    33 |    24 ||    57
         Headbutt          |       |       |    16 |    20 ||    36
  Throw: Throwing net      |       |     3 |     1 |     1 ||     5
         Javelin           |       |       |       |     1 ||     1
 Invoke: Lesser Servant of |       |       |       |     1 ||     1
  Evoke: Wand              |       |       |       |     3 ||     3
    Use: Scroll            |     5 |     7 |     7 |     1 ||    20
         Potion            |       |     4 |       |       ||     4
   Stab: Sleeping          |     3 |     7 |       |       ||    10
         Distracted        |     1 |     1 |       |     1 ||     3
 Armour: Leather armour    |    24 |    15 |    43 |    31 ||   113
  Dodge: Dodged            |    45 |    46 |   112 |    76 ||   279

Table legend: (Time is in decaauts)
 A = Elapsed time spent in this place.
 B = Non-inter-level travel time spent in this place.
 C = Inter-level travel time spent in this place.
 D = Time resting spent in this place.
 E = Time spent auto-exploring this place.
 F = Levels seen in this place.
 G = Mean time per level.
                   A        B        C        D        E       F      G
               +--------+--------+--------+--------+--------+-----+--------+
         Total |   8294 |   8038 |    256 |   1853 |   5021 |   9 |  921.6 |
       Dungeon |   8294 |   8038 |    256 |   1853 |   5021 |   9 |  921.6 |
               +--------+--------+--------+--------+--------+-----+--------+

Top non-repeatable levels by time:
     D:7: 1629 daAuts
     D:8: 1071 daAuts
     D:6: 1004 daAuts
     D:1: 960 daAuts
     D:3: 926 daAuts
     D:4: 790 daAuts
     D:2: 757 daAuts
     D:5: 749 daAuts
     D:9: 405 daAuts
